AoeStats
← Daniel Gaming

Hideout

510009979Analyzed
1v1 RM · 4d ago on Sep 29, 2026· 91m 48s· 2 players
Game mode
Random Map
Map size
Tiny (2 player)
Population
200
Speed
Normal
Resources
Standard
Victory
Conquest
Starting age
Dark Age
Ending age
Imperial Age
RankedLock teamsTeams togetherTeam positionsShared explorationLock speedFull tech treeHidden civsTurbo modeCheats
Victory
Defeat
🇺🇸 Japanese · United States
1110
+17
🇺🇸 Bulgarians · United States
1126
-17
Daniel Gaming
9:00 Loom
10:46 Feudal Age
9:06 Loom
15:45 Castle Age
13:39 Double-Bit Axe
22:17 Horse Collar
27:10 Pikeman
27:51 Squires
31:02 Wheelbarrow
31:29 Town Watch
31:45 Heavy Plow
33:27 Bow Saw
38:05 Imperial Age
35:40 Arson
38:18 Hand Cart
38:04 Town Patrol
37:46 Elite Skirmisher
38:52 Gold Mining
38:55 Stone Mining
39:47 Conscription
40:31 Two-Man Saw
40:34 Gold Shaft Mining
40:13 Fletching
40:24 Scale Mail Armor
40:35 Forging
40:30 Scale Barding Armor
40:26 Padded Archer Armor
41:37 Forging
41:23 Bodkin Arrow
43:45 Hoardings
43:33 Bracer
44:32 Chain Mail Armor
46:26 Plate Mail Armor
46:49 Elite Samurai
49:59 Iron Casting
49:52 Kataparuto
50:43 Chemistry
49:55 Fortified Wall
49:25 Treadmill Crane
49:56 Masonry
49:51 Siege Engineers
49:39 Onager
50:58 Yasama
52:43 Ballistics
52:13 Guard Tower
58:33 Padded Archer Armor
66:52 Scale Barding Armor
67:48 Blast Furnace
69:51 Husbandry
70:03 Bloodlines
69:14 Light Cavalry
71:25 Chain Barding Armor
82:12 Capped Ram
84:23 Leather Archer Armor
86:09 Ring Archer Armor
kithkin
5:52 Loom
9:20 Feudal Age
9:58 Double-Bit Axe
11:31 Scale Mail Armor
13:06 Fletching
14:32 Arson
21:39 Castle Age
20:04 Scale Barding Armor
21:30 Bloodlines
22:25 Forging
22:25 Horse Collar
24:24 Bow Saw
24:30 Stone Mining
27:12 Town Watch
29:24 Fervor
31:24 Chain Mail Armor
32:04 Chain Barding Armor
38:51 Imperial Age
36:57 Wheelbarrow
37:00 Iron Casting
36:28 Squires
36:25 Gold Mining
36:42 Gambesons
37:44 Husbandry
38:33 Gold Shaft Mining
38:39 Bodkin Arrow
40:19 Stone Shaft Mining
40:24 Plate Mail Armor
40:17 Conscription
39:20 Capped Ram
41:36 Blast Furnace
40:48 Heavy Plow
41:10 Masonry
42:01 Bagains
43:06 Siege Engineers
43:22 Bracer
45:03 Chemistry
45:31 Hand Cart
45:56 Light Cavalry
48:57 Heavy Scorpion
50:41 Illumination
51:11 Siege Ram
52:28 Ballistics
53:09 Hussar
54:42 Onager
57:53 Plate Barding Armor
58:28 Padded Archer Armor
63:04 Architecture
63:07 Siege Onager
74:41 Crop Rotation
75:06 Murder Holes
Connection lost

Rejoining the realm…

Still unreachable

The connection could not be restored.

Session expired

The server has moved on; the page needs a fresh start.